Map: Backwater LE

Players

Kiwiking

  • Race: Zerg Zerg
  • League: Diamond
  • Spawn Location: 11:00

Trizztein - Winner!

  • Race: Terran Terran
  • League: Diamond
  • Spawn Location: 5:00

VOD

Have the link to the VOD?

Description

Time

  • Played on: March 10, 2018, 6:47 a.m.
  • Length: 16:29
Show
View Real Time Build Order
Export as new Build Order

Kiwiking Zerg 

Build Orders: Pool First 

Get SALT Encoding   

  12  0:01  Drone  
  13  0:13  Overlord  
  13  0:17  Drone  
  13  0:20  Extractor  
  13  0:25  Drone  
  14  0:41  Spawning Pool  
  13  0:47  Drone  
  14  0:50  Drone  
  14  0:55  Drone  
  16  1:00  Drone  
  17  1:30  Metabolic Boost  
  17  1:31  Zergling x6  
  20  1:47  Hatchery  
  20  1:52  Zergling x2  
  20  1:58  Zergling x2  
  21  2:09  Overlord  
  21  2:20  Overlord  
  21  2:27  Queen  
  23  2:31  Drone  
  24  2:44  Drone  
  24  2:49  Drone, Evolution Chamber  
  25  2:57  Hatchery  
  24  3:02  Drone  
  24  3:03  Drone  
  26  3:15  Drone x2  
  26  3:19  Drone  
  29  3:22  Drone  
  30  3:32  Zergling x4  
  32  3:39  Drone x3  
  35  3:41  Queen  
  37  4:02  Drone x4  
  39  4:05  Drone x2, Roach Warren  
  38  4:17  Queen  
  38  4:19  Drone  
  38  4:20  Drone, Spine Crawler  
  41  4:24  Overlord  
  41  4:29  Extractor  
  37  4:39  Queen  
  37  4:45  Drone x3  
  42  4:49  Roach x2  
  48  4:53  Roach, Queen  
  48  4:55  Roach  
  52  5:02  Extractor  
  52  5:03  Roach  
  52  5:05  Roach  
  55  5:09  Drone x2  
  57  5:18  Overlord x2  
  57  5:22  Drone  
  57  5:25  Spore Crawler  
  57  5:29  Burrow  
  57  5:32  Overlord x2  
  57  5:38  Lair  
  57  5:41  Roach x2  
  61  5:44  Roach  
  61  5:47  Roach  
  61  5:49  Roach  
  67  5:59  Roach x3  
  73  6:04  Drone  
  73  6:05  Drone x2  
  76  6:13  Roach  
  76  6:14  Spore Crawler  
  77  6:24  Roach x3  
  77  6:25  Roach  
  85  6:41  Drone  
  85  6:42  Drone x4  
  85  6:46  Spore Crawler  
  85  6:47  Overseer  
  89  6:49  Drone  
  89  6:51  Overlord x3  
  90  6:57  Hydralisk Den, Drone  
  90  7:06  Extractor  
  89  7:14  Ravager  
  88  7:18  Roach x6  
  100  7:27  Roach x16  
  100  7:33  Roach x16  
  95  7:50  Hydralisk  
  95  7:51  Hydralisk x4  
  97  7:54  Ravager  
  102  8:02  Drone x4  
  102  8:04  Overseer x2  
  101  8:07  Drone x2  
  101  8:08  Drone  
  102  8:13  Hydralisk, Spire  
  103  8:21  Drone x2  
  103  8:25  Drone  
  103  8:27  Overseer  
  106  8:32  Extractor x2  
  104  8:35  Overlord x3  
  104  8:36  Overlord x2  
  104  8:42  Overseer  
  104  8:44  Hatchery  
  104  8:48  Drone x3  
  106  8:53  Spore Crawler  
  106  8:55  Hydralisk x3  
  105  8:56  Hydralisk  
  105  8:57  Glial Reconstitution  
  111  9:14  Drone x6  
  111  9:15  Drone  
  118  9:21  Zerg Missile Weapons Level 1  
  118  9:24  Drone x5  
  121  9:25  Evolution Chamber  
  121  9:30  Drone x2  
  124  9:43  Evolution Chamber  
  124  9:44  Drone x4  
  127  9:51  Zerg Flyer Weapons Level 1  
  127  10:04  Mutalisk x4  
  135  10:08  Overlord x2  
  135  10:09  Overlord x3  
  135  10:15  Spore Crawler, Drone x2  
  135  10:17  Spore Crawler  
  135  10:24  Extractor x2  
  135  10:27  Mutalisk x6  
  145  10:48  Mutalisk x4  
  149  11:09  Mutalisk x3  
  145  11:19  Roach  
  145  11:20  Roach x4  
  155  11:26  Roach, Mutalisk  
  155  11:27  Roach x2  
  141  11:39  Mutalisk x2  
  113  11:55  Roach x2, Mutalisk x2  
  121  12:06  Mutalisk  
  123  12:12  Drone  
  123  12:13  Drone x9  
  123  12:14  Drone  
  130  12:17  Spore Crawler  
  109  12:30  Mutalisk x2  
  109  12:31  Roach x2, Mutalisk x2  
  115  12:48  Mutalisk  
  115  12:49  Roach x7  
  131  13:08  Roach x6  
  131  13:12  Ravager x2  
  143  13:14  Overseer x2  
  143  13:18  Zergling x2  
  141  13:29  Ravager x3  
  141  13:31  Overseer  
  116  13:43  Roach  
  116  13:44  Roach x7  
  116  13:45  Roach  
  129  14:02  Overlord x3  
  119  14:03  Overlord x3  
  111  14:13  Ravager x2  
  111  14:14  Ravager x2  
  109  14:22  Roach x5  
  109  14:23  Roach x3  
  110  14:38  Roach  
  110  14:39  Roach x5  
  113  14:49  Roach x3  
  104  15:02  Roach x3  
  99  15:10  Roach x3  
  93  15:16  Ravager  
  93  15:18  Ravager x5  
  93  15:19  Ravager x3  
  106  15:28  Roach x3  
  100  16:02  Roach x3  
Show
View Real Time Build Order
Export as new Build Order

Trizztein Terran - Winner!

Build Orders: Reaper Expand, Mech 

Get SALT Encoding   

  12  0:01  SCV  
  13  0:13  SCV  
  14  0:18  Supply Depot  
  14  0:25  SCV  
  15  0:40  SCV  
  15  0:41  Barracks  
  16  0:46  Refinery  
  16  0:52  SCV  
  17  1:04  SCV  
  18  1:16  SCV  
  19  1:30  Orbital Command, Reaper  
  20  1:48  Command Center  
  20  1:52  Supply Depot  
  20  1:57  SCV  
  21  2:02  Marine  
  22  2:09  SCV  
  22  2:13  Factory  
  23  2:21  SCV  
  24  2:26  Barracks Reactor, Refinery  
  22  2:45  SCV  
  23  2:57  Hellion  
  23  2:58  SCV  
  26  3:05  Marine  
  26  3:06  Marine  
  26  3:08  Orbital Command  
  26  3:10  SCV  
  28  3:14  Starport  
  28  3:28  Hellion x2  
  28  3:31  SCV  
  28  3:32  Barracks Tech Lab  
  33  3:38  SCV  
  34  3:43  SCV  
  35  3:50  Hellion x2  
  35  3:51  Orbital Command  
  39  4:05  SCV  
  38  4:17  SCV  
  38  4:22  SCV  
  40  4:30  SCV, Hellion  
  43  4:34  Marine, SCV  
  44  4:42  SCV  
  45  4:46  Armory, SCV  
  45  4:50  Supply Depot  
  46  5:06  Supply Depot x2  
  46  5:10  SCV, Banshee  
  46  5:11  Hellion x2  
  46  5:12  SCV  
  55  5:22  SCV  
  55  5:27  Command Center  
  56  5:29  Supply Depot  
  56  5:33  SCV  
  56  5:34  SCV  
  56  5:35  Refinery  
  58  5:45  SCV  
  58  5:47  SCV  
  58  5:48  Terran Vehicle Weapons Level 1  
  60  5:57  Viking, SCV  
  63  6:06  SCV  
  63  6:08  Refinery  
  63  6:09  Barracks Tech Lab  
  63  6:10  SCV  
  63  6:11  Factory  
  65  6:12  Factory, Hellion x2  
  65  6:13  Hellion x6  
  70  6:18  SCV  
  70  6:22  SCV  
  70  6:25  Armory  
  71  6:27  Engineering Bay  
  71  6:30  Banshee  
  74  6:38  SCV  
  74  6:39  SCV  
  69  6:40  Orbital Command  
  69  6:43  Cyclone  
  69  6:45  Cyclone  
  74  6:51  SCV  
  75  6:55  SCV  
  75  6:56  Factory Tech Lab  
  76  7:03  Siege Tank, SCV  
  80  7:09  Orbital Command  
  80  7:11  SCV  
  80  7:12  Barracks Reactor  
  80  7:15  SCV  
  82  7:20  Engineering Bay  
  82  7:23  SCV  
  80  7:36  Cyclone x2  
  73  7:42  SCV x2  
  73  7:43  SCV  
  76  7:48  Supply Depot  
  76  7:49  Supply Depot x2  
  76  7:50  Supply Depot  
  76  7:51  Supply Depot  
  76  8:05  Supply Depot  
  76  8:06  Supply Depot  
  76  8:10  SCV x2  
  78  8:13  SCV  
  79  8:22  SCV x2  
  79  8:25  SCV  
  82  8:27  Terran Vehicle Weapons Level 2  
  82  8:28  Terran Vehicle And Ship Armor Level 1  
  82  8:30  Siege Tank  
  82  8:32  Hellion  
  87  8:34  SCV x2  
  87  8:37  SCV  
  87  8:39  Refinery  
  87  8:41  Refinery, Infernal Pre-Igniter  
  90  8:43  Hellion  
  90  8:46  SCV x2  
  94  8:49  SCV  
  94  8:51  Missile Turret  
  95  8:56  Missile Turret  
  95  8:58  Missile Turret, SCV  
  95  8:59  Thor, SCV  
  95  9:00  Missile Turret  
  95  9:01  SCV  
  106  9:10  SCV, Hellion x3  
  106  9:11  SCV  
  106  9:13  SCV  
  110  9:17  Supply Depot  
  110  9:22  SCV  
  110  9:23  SCV  
  112  9:25  SCV  
  112  9:29  Supply Depot  
  115  9:31  Siege Tank, Hellion x2  
  115  9:32  Banshee  
  124  9:40  Supply Depot  
  124  9:43  Siege Tank  
  127  9:46  SCV  
  127  9:51  Factory  
  127  9:54  SCV  
  127  9:55  Factory, SCV  
  127  9:56  Supply Depot  
  127  9:57  Hellion x2  
  133  10:04  Supply Depot, Hellion  
  135  10:09  Barracks Tech Lab  
  135  10:15  Siege Tank  
  135  10:18  Hellion x2  
  135  10:20  Supply Depot  
  142  10:24  Thor  
  148  10:28  Terran Vehicle And Ship Armor Level 2  
  148  10:33  Missile Turret  
  148  10:34  Hellion  
  148  10:35  Missile Turret x2  
  150  10:40  Hellion x2  
  150  10:42  Hellion  
  152  10:47  Hellion  
  154  11:01  Hellion x2  
  154  11:03  Hellion  
  158  11:07  Thor  
  158  11:08  Thor  
  170  11:12  Terran Vehicle Weapons Level 3  
  161  11:22  Hellion  
  161  11:23  Hellion  
  161  11:25  Hellion  
  151  11:41  Factory Tech Lab  
  151  11:44  Hellion x2  
  151  11:46  Hellion  
  157  11:50  Siege Tank  
  157  11:51  Missile Turret, Thor  
  158  11:54  Missile Turret  
  158  11:59  Factory x2  
  156  12:07  Factory Tech Lab  
  152  12:20  Hellion x3  
  155  12:22  Siege Tank  
  155  12:23  Command Center  
  152  12:33  Thor  
  157  12:40  Missile Turret  
  157  12:41  Starport x2, Missile Turret, Hellion  
  157  12:42  Hellion  
  157  12:43  Starport  
  160  12:47  Missile Turret  
  160  12:49  Siege Tank, Hellion  
  165  12:55  Siege Tank  
  168  13:03  Hellion  
  168  13:04  Hellion  
  161  13:16  Thor  
  167  13:21  Siege Tank  
  167  13:26  Thor, Hellion x2  
  170  13:34  Missile Turret, Terran Vehicle And Ship Armor Level 3  
  159  13:50  Planetary Fortress  
  159  13:53  Siege Tank  
  162  13:59  Siege Tank  
  162  14:00  Starport Reactor  
  162  14:02  Refinery  
  165  14:04  Terran Ship Weapons Level 1  
  165  14:09  Refinery  
  163  14:11  Siege Tank  
  163  14:12  Hellion x3  
  163  14:16  Smart Servos  
  170  14:18  Thor  
  172  14:25  Siege Tank  
  172  14:28  SCV x3  
  176  14:36  Hellion x3  
  174  14:40  SCV  
  174  14:41  Hellion x2  
  174  14:42  Factory Tech Lab  
  162  14:54  Hellion  
  162  14:57  Hellion x3  
  162  14:58  Hellion  
  172  15:02  Hellion  
  168  15:07  Hellion  
  168  15:08  Medivac  
  162  15:16  Hellion  
  162  15:19  Hellion x4  
  172  15:23  Hellion  
  172  15:27  Command Center  
  174  15:29  Hellion  
  171  15:37  Hellion  
  171  15:40  Siege Tank, Hellion x3  
  180  15:44  Siege Tank  
  180  15:45  Command Center  
  183  15:50  Siege Tank  
  186  16:01  Hellion  
  188  16:24  Supply Depot  
  188  16:25  Supply Depot  
Tags
 
Add a new tag
Caveats
  • Supply blocks, unpowered buildings, or Contaminate may cause inaccurate times.
  • Supply counts are checked every 10 seconds.